 Dungeon Crawl Stone Soup version 0.31-a0-1074-g0b22e4e0f1 (webtiles) character file.

Game seed: 7062816397961679662

2079 sammy202020 the Ruffian (level 9, -4/88 HPs)
             Began as a Troll Shapeshifter on Nov 27, 2023.
             Was an Initiate of Hepliaklqana.
             Slain by an orc
             ... wielding a +0 flail
              (7 damage)
             ... on level 5 of the Dungeon.
             The game lasted 00:05:28 (3232 turns).

sammy202020 the Ruffian (Troll Shapeshifter)        Turns: 3232, Time: 00:05:28

Health: -4/88      AC:  4    Str: 22 (24) XL:     9   Next: 6%
Magic:  8/8        EV: 10    Int:  7 (10) God:    Hepliaklqana [......]
Gold:   227        SH:  0    Dex:  9      Spells: 8/8 levels left

rFire   . .          .
                       - Unarmed
rCold   . . .        (no shield)
rNeg    . . .        a - +0 animal skin
rPois   .            (helmet currently unavailable)
rElec   .            (cloak currently unavailable)
rCorr   .            (gloves unavailable)
SInv    .            (boots unavailable)
Will    .....        (no amulet)
Stlth   +            (no ring)
HPRegen 1.14/turn    (no ring)
MPRegen 0.11/turn

%: no passive effects
@: beast-form
A: beast (slay +3), large, unfitting armour, claws 3, regeneration 1, shaggy fur
1, tough skin 1
a: Begin Untransformation, Renounce Religion


You were on level 5 of the Dungeon.
You worshipped Hepliaklqana.
Hepliaklqana was noncommittal.
You were a hulking beast.
You visited 2 branches of the dungeon, and saw 6 of its levels.

You collected 227 gold pieces.

Inventory:

Hand Weapons
 i - a +0 mace
Missiles
 b - a throwing net
Armour
 a - a +0 animal skin (worn)
Talismans
 c - a beast talisman
 d - a flux talisman
Wands
 n - a wand of charming (10)
 q - a wand of flame (16)
Scrolls
 e - a scroll of fear {unknown}
 p - a scroll of summoning
Potions
 f - a potion of heal wounds
 g - 2 potions of attraction


   Skills:
 * Level 5.3 Fighting
 + Level 4.1 Dodging
 * Level 7.0 Unarmed Combat
 * Level 6.4 Shapeshifting


You had 8 spell levels left.
You didn't know any spells.
Your spell library contained the following spells:

 Spells                   Type           Power      Damage    Failure   Level
 Magic Dart               Conj           0%         1d3       43%         1
 Call Imp                 Summ           0%         N/A       56%         2
 Mephitic Cloud           Conj/Pois/Air  0%         N/A       80%         3
 Ozocubu's Armour         Ice            0%         N/A       80%         3
 Tukima's Dance           Hex            0%         N/A       80%         3
 Passage of Golubria      Tloc           0%         N/A       99%         4
 Metabolic Englaciation   Hex/Ice        0%         N/A       100%        5
 Yara's Violent Unravell  Hex/Tmut       0%         3d3       100%        5
 Simulacrum               Ice/Necr       0%         N/A       100%        6


Dungeon Overview and Level Annotations

Branches:
Dungeon (5/15)             Temple (1/1) D:5

Altars:
Ashenzari
Dithmenos
Elyvilon
Fedhas
Hepliaklqana
Makhleb
Okawaru
Qazlal
Ru
Uskayaw
Vehumet
Xom
Zin
The Shining One


Innate Abilities, Weirdness & Mutations

You are a hulking beast.
Your limbs bulge with bestial killing power. (Slay +3)
You are too large for most types of armour.
You have claws for hands.
Your natural rate of healing is unusually fast.
You are covered in fur. (AC +1)
You have tough skin. (AC +1)


Message History

The two-headed ogre hits you with a +0 giant spiked club!!
* * * LOW HITPOINT WARNING * * *
The two-headed ogre hits you with a +0 giant club.
* * * LOW HITPOINT WARNING * * *
You are too injured to fight recklessly!
You are too injured to fight recklessly!
You are too injured to fight recklessly!
You are too injured to fight recklessly!
You are too injured to fight recklessly!
You are too injured to fight recklessly!
You are too injured to fight recklessly!
You are too injured to fight recklessly!
You are too injured to fight recklessly!
You are too injured to fight recklessly!
You are too injured to fight recklessly!
You are too injured to fight recklessly!
You are too injured to fight recklessly!
You are too injured to fight recklessly!
You are too injured to fight recklessly!
You are too injured to fight recklessly!
You are too injured to fight recklessly!
You are too injured to fight recklessly!
You are too injured to fight recklessly!
Unknown command.
You scratch the two-headed ogre.
The two-headed ogre is moderately wounded.
An orc comes into view. It is wielding a +0 flail.
The two-headed ogre barely misses you. The two-headed ogre closely misses you.
You barely miss the two-headed ogre. You claw the two-headed ogre.
The two-headed ogre is moderately wounded.
You claw the two-headed ogre!
The two-headed ogre is severely wounded.
The two-headed ogre hits you with a +0 giant spiked club!
* * * LOW HITPOINT WARNING * * *
The two-headed ogre hits you with a +0 giant club!
* * * LOW HITPOINT WARNING * * *
You claw the two-headed ogre!
The two-headed ogre is almost dead.
The orc hits you with a +0 flail!
You die...

. #. .##.##. .......
##..#.. ....... #....
####..O## #......h###.#
#...#...o...#
######..########
..#...........(# ..
#...#...####.####.#
.#########..####......#
..... #...........#####
#####......
.....#.##.##
..<.†.....#
####..#.##.#


You could see a two-headed ogre and an orc.

Vanquished Creatures
  A two-headed ogre (D:4)
  Pikel (D:4)
  Grinder (D:4)
  Sigmund (D:2)
  Edmund (D:4)
  A centaur (D:3)
  An ogre (D:4)
  A scorpion (D:5)
  4 hounds
  A sleepcap (D:4)
  Terence (D:2)
  An iguana (D:4)
  An orc wizard (D:5)
  4 adders
  4 gnolls (D:4)
  A worm (D:2)
  2 dart slugs
  3 orcs (D:5)
  5 bats
  9 endoplasms
  A giant cockroach (D:3)
  7 goblins
  8 hobgoblins
  4 jackals (D:3)
  2 quokkas
  A ball python (D:3)
  4 frilled lizards
  8 kobolds
  2 rats (D:2)
81 creatures vanquished.

Notes
Turn   | Place    | Note
-------+----------+-------------------------------------------
     0 | D:1      | sammy202020 the Troll Shapeshifter began the quest for the
                  | Orb.
     0 | D:1      | Reached XP level 1. HP: 18/18 MP: 0/0
    87 | D:1      | You fall into a shaft and drop 1 floor!
   201 | D:2      | Reached skill level 1 in Fighting
   214 | D:2      | Reached XP level 2. HP: 24/27 MP: 1/1
   279 | D:2      | Noticed Terence
   286 | D:2      | Killed Terence
   287 | D:2      | Reached XP level 3. HP: 31/33 MP: 2/2
   469 | D:2      | Noticed Sigmund
   477 | D:2      | Killed Sigmund
   478 | D:2      | Reached skill level 4 in Unarmed Combat
   478 | D:2      | Reached XP level 4. HP: 18/44 MP: 3/3
   478 | D:2      | Reached XP level 5. HP: 20/50 MP: 4/4
  1067 | D:3      | Found a glowing silver altar of Zin.
  1203 | D:3      | Noticed a centaur
  1211 | D:3      | Killed a centaur
  1212 | D:3      | Reached XP level 6. HP: 45/59 MP: 5/5
  1271 | D:3      | Found a hide-covered altar of Uskayaw.
  1662 | D:4      | Found a blossoming altar of Fedhas.
  1748 | D:4      | Noticed Edmund
  1919 | D:4      | Killed Edmund
  1920 | D:4      | Reached skill level 5 in Unarmed Combat
  1920 | D:4      | Reached XP level 7. HP: 58/67 MP: 6/6
  2234 | D:4      | Found a sacrificial altar of Ru.
  2261 | D:4      | Noticed Pikel
  2292 | D:4      | Killed Pikel
  2293 | D:4      | Reached skill level 5 in Shapeshifting
  2293 | D:4      | Reached XP level 8. HP: 6/78 MP: 7/7
  2593 | D:4      | Reached skill level 6 in Unarmed Combat
  2633 | D:4      | Noticed Grinder
  2660 | D:4      | Paralysed by Grinder for 5 turns
  2669 | D:4      | Paralysed by Grinder for 2 turns
  2673 | D:4      | Killed Grinder
  2803 | D:4      | Noticed a two-headed ogre
  2812 | D:4      | Killed a two-headed ogre
  2813 | D:4      | Reached skill level 5 in Fighting
  3005 | D:5      | Entered Level 5 of the Dungeon
  3020 | D:5      | Found a staircase to the Ecumenical Temple.
  3030 | D:5      | Reached XP level 9. HP: 88/88 MP: 8/8
  3037 | Temple   | Entered the Ecumenical Temple
  3096 | Temple   | Became a worshipper of Hepliaklqana the Forgotten
  3124 | D:5      | Reached skill level 7 in Unarmed Combat
  3221 | D:5      | Noticed a two-headed ogre
  3231 | D:5      | HP: 2/88 [two-headed ogre/+0 giant spiked club (11)]
  3232 | D:5      | Slain by an orc

Illustrated notes

Levels and vault maps discovered:
D:1:      amcnicky_arrival_feature_with_door, layout_loops_corners,
          serial_shops, nicolae_shop_rolling_square
D:2:      layout_loops_ring, serial_glass, glass_columns_a, glass_columns_a,
          nicolae_hexahallways, serial_bayou_lagoon_a, minmay_pentomino_q2,
          uniq_terence, uniq_sigmund
D:3:      layout_loops_ring, mainiacjoe_overflow_paths, zin_treasury
D:4:      layout_basic, fedhas_altar_3, nicolae_ru_sacrificial_ziggurat,
          grunt_ministairs_9, uniq_edmund, uniq_pikel, uniq_grinder
D:5:      layout_loops_cross, mainiacjoe_overflow_two_lobes,
          minmay_temple_entry_hall, hangedman_abyss_or_decor_stagger
Temple:   chequers_temple_sunken

Skill      XL: |  1  2  3  4  5  6  7  8  9 |
---------------+----------------------------+-----
Fighting       | 1 2 3 4 5 |  5.3
Dodging        | 2 3 4 |  4.1
Unarmed Combat | 4 5 6 7 |  7.0
Shapeshifting  | 4 5 6 |  6.4

Action                     |  1- 3 |  4- 6 |  7- 9 || total
---------------------------+-------+-------+-------++-------
  Melee: Unarmed           |    43 |   103 |    84 ||   230
         Punch             |       |     2 |     3 ||     5
    Use: Potion            |       |     1 |     5 ||     6
         Scroll            |       |       |     7 ||     7
   Stab: Sleeping          |       |     2 |       ||     2
 Armour: Animal skin       |    19 |    82 |    63 ||   164
         Skin              |       |     6 |       ||     6
  Dodge: Dodged            |    12 |    61 |    30 ||   103

Table legend: (Time is in decaauts)
 A = Elapsed time spent in this place.
 B = Non-inter-level travel time spent in this place.
 C = Inter-level travel time spent in this place.
 D = Time resting spent in this place.
 E = Time spent auto-exploring this place.
 F = Levels seen in this place.
 G = Mean time per level.
                   A        B        C        D        E       F      G
               +--------+--------+--------+--------+--------+-----+--------+
         Total |   3211 |   3211 |      0 |    323 |   2027 |   6 |  535.2 |
       Dungeon |   3136 |   3136 |      0 |    323 |   2027 |   5 |  627.2 |
        Temple |     74 |     74 |      0 |      0 |      0 |   1 |   74.0 |
               +--------+--------+--------+--------+--------+-----+--------+

Top non-repeatable levels by time:
     D:4: 1384 daAuts
     D:2: 882 daAuts
     D:3: 633 daAuts
     D:5: 149 daAuts
     D:1: 87 daAuts
  Temple: 74 daAuts
